 Dungeon Crawl Stone Soup version 0.31-a0-881-ge136f0c47a (webtiles) character file.

Game seed: 5636726023163578211

103 pokeman the Magician (level 4, -1/25 HPs)
             Began as a Deep Elf Hedge Wizard on Oct 16, 2023.
             Slain by an orc wizard
             ... wielding a +2 dagger of speed
              (2 damage)
             ... on level 4 of the Dungeon.
             The game lasted 00:06:27 (3156 turns).

pokeman the Magician (Deep Elf Hedge Wizard)        Turns: 3156, Time: 00:06:27

Health: -1/25      AC:  8    Str:  7    XL:     4   Next: 51%
Magic:  7/13       EV: 13    Int: 21    God:
Gold:   155        SH:  5    Dex: 20    Spells: 6/14 levels left

rFire   . . .        i - +1 dagger (venom)
rCold   . . .        (no shield)
rNeg    . . .        b - +0 robe
rPois   .            q - +0 helmet
rElec   .            (no cloak)
rCorr   .            l - +0 pair of gloves
SInv    .            (no boots)
Will    .....        e - amulet of reflection
Stlth   +++          k - +4 ring of protection
HPRegen 0.00/turn    o - +6 ring of dexterity
MPRegen 0.13/turn

%: reflection
@: brilliant, lethally poisoned (-1 -> -5), very slightly contaminated,
inhibited regen
A: fangs 1, talons 1, inhibited regeneration, no potion heal 1
a: no special abilities


You were on level 4 of the Dungeon.
You visited 1 branch of the dungeon, and saw 4 of its levels.

You collected 155 gold pieces.

Inventory:

Hand Weapons
 i - a +1 dagger of venom (weapon)
Armour
 b - a +0 robe (worn)
 l - a +0 pair of gloves (worn)
 q - a +0 helmet (worn)
Jewellery
 e - an amulet of reflection (around neck)
 k - a +4 ring of protection (left hand)
 o - a +6 ring of dexterity (right hand)
Scrolls
 a - a scroll of teleportation {unknown}
 f - 4 scrolls of noise {unknown}
 h - a scroll of amnesia {unknown}
 j - a scroll of summoning {unknown}
 p - a scroll of enchant weapon {unknown}
Potions
 d - a potion of magic
 n - a potion of invisibility {unknown}


   Skills:
 - Level 1.0 Fighting
 - Level 1.0 Armour
 + Level 2.9 Dodging
 + Level 2.8 Stealth
 * Level 5.7 Spellcasting
 + Level 2.2 Conjurations
 - Level 1.1 Summonings
 - Level 1.1 Translocations


You had 6 spell levels left.
You knew the following spells:

 Your Spells              Type           Power      Damage    Failure   Level
a - Magic Dart            Conj           92%        1d7       4%          1
b - Mephitic Cloud        Conj/Pois/Air  13%        N/A       22%         3
c - Call Imp              Summ           30%        N/A       10%         2
d - Blink                 Tloc           30%        N/A       10%         2

Your spell library contained the following spells:

 Spells                   Type           Power      Damage    Failure   Level
 Summon Small Mammal      Summ           60%        N/A       6%          1
 Searing Ray              Conj           46%        2d6       6%          2
 Slow                     Hex            36%        N/A       10%         1
 Cigotuvi's Dreadful Rot  Necr/Pois/Air  18%        N/A       16%         2
 Call Canine Familiar     Summ           15%        N/A       19%         3
 Summon Guardian Golem    Hex/Summ       12%        N/A       24%         3
 Fulminant Prism          Conj/Hex       8%         3d7       54%         4
 Manifold Assault         Tloc           15%        N/A       54%         4


Dungeon Overview and Level Annotations

Branches:
Dungeon (4/15)
 Temple: D:4-7

Altars:

Shops:
D:1 (


Innate Abilities, Weirdness & Mutations

You have very sharp teeth.
You have sharp toenails.
You do not regenerate when monsters are visible.
Potions are less effective at restoring your health.


Message History

Magic restored.
There is a stone staircase leading down here.
You climb downwards.
Found a stone staircase leading down.
There is a stone staircase leading up here.
Casting: Mephitic Cloud (extremely dangerous; 22% risk of failure)
Confirm with . or Enter, or press ? or * to list all spells.
Aiming: Mephitic Cloud (extremely dangerous; 22% risk of failure)
Press: ? - help, Shift-Dir - straight line, f - orc wizard
Aim: an orc wizard, wielding a +2 dagger of speed and wearing a +0 robe (chance to affect: 86%)
You miscast Mephitic Cloud.
You are very lightly contaminated with residual magic.
You feel odd!
You are poisoned.
You feel sick.
An orc comes into view. It is wielding a +0 flail.
Casting: Mephitic Cloud (extremely dangerous; 22% risk of failure)
Confirm with . or Enter, or press ? or * to list all spells.
Aiming: Mephitic Cloud (extremely dangerous; 22% risk of failure)
Press: ? - help, Shift-Dir - straight line, f/p - orc wizard
Aim: an orc wizard, wielding a +2 dagger of speed and wearing a +0 robe (chance to affect: 86%)
You miscast Mephitic Cloud.
You feel rather nauseous for a moment!
You are more poisoned.
* * * LOW HITPOINT WARNING * * *
x2 You feel sick.
It was a potion of mutation.
You feel extremely strange.
Your teeth lengthen and sharpen.
Your regeneration stops near monsters.
Your system partially rejects the healing effects of potions.
Your toenails lengthen and sharpen.
* * * LOW HITPOINT WARNING * * *
You feel sick.
The orc wizard hits you with a +2 dagger of speed.
* * * LOW HITPOINT WARNING * * *
The orc wizard hits you but does no damage.
It was a potion of brilliance.
You feel clever all of a sudden.
* * * LOW HITPOINT WARNING * * *
You feel sick.
The orc wizard hits you with a +2 dagger of speed.
You die...

##. #.. #.. #..
>... ..# . ......
#.## ..
..#...##..###...
................
................ #.
......##<....... ..
#...o..o@.###.... .
.................
.##.....####.......
##...... #.......
#... . #.......
#o.## ## #.......
#..###...# ##......
##.<....# .....#
#.....##


You could see an orc wizard and an orc.

Vanquished Creatures
  An iguana (D:4)
  An adder (D:2)
  A worm (D:3)
  A dart slug (D:3)
  5 endoplasms
  2 giant cockroaches
  7 goblins
  6 hobgoblins
  2 jackals (D:2)
  7 kobolds
  4 quokkas
  5 ball pythons
  4 bats
  4 frilled lizards (D:1)
  7 rats
57 creatures vanquished.

Notes
Turn   | Place    | Note
-------+----------+-------------------------------------------
     0 | D:1      | pokeman the Deep Elf Hedge Wizard began the quest for the
                  | Orb.
     0 | D:1      | Reached XP level 1. HP: 10/10 MP: 7/7
   335 | D:1      | Reached XP level 2. HP: 16/16 MP: 6/9
   662 | D:1      | Reached skill level 5 in Spellcasting
   828 | D:1      | Reached XP level 3. HP: 20/20 MP: 5/11
   832 | D:1      | Learned a level 3 spell: Mephitic Cloud
   835 | D:1      | Learned a level 2 spell: Call Imp
   838 | D:1      | Learned a level 2 spell: Blink
   884 | D:1      | Found Otaycza's Antique Weapon Emporium.
  1576 | D:2      | Reached skill level 1 in Armour
  1655 | D:2      | Reached skill level 1 in Fighting
  1862 | D:2      | Found a faded altar of an unknown god.
  2450 | D:3      | Reached XP level 4. HP: 25/25 MP: 5/13
  3155 | D:4      | Gained mutation: You have very sharp teeth. [potion of
                  | mutation]
  3155 | D:4      | Gained mutation: You do not regenerate when monsters are
                  | visible. [potion of mutation]
  3155 | D:4      | Gained mutation: Potions are less effective at restoring
                  | your health. [potion of mutation]
  3155 | D:4      | Gained mutation: You have sharp toenails. [potion of
                  | mutation]
  3156 | D:4      | HP: 1/25 [poisoned by miscasting Mephitic Cloud]
  3156 | D:4      | Slain by an orc wizard

Illustrated notes

Levels and vault maps discovered:
D:1:      eino_arrival_water_star, layout_loops_ring, serial_shops,
          nicolae_shop_real_fake_doors, minmay_octomino_c4
D:2:      layout_basic, shapermc_ecumenical_altar_venn, chequers_mini_garden
D:3:      layout_basic, nrook_campfire
D:4:      layout_cave_pools, chequers_serial_rivers_micro_d

Skill      XL: |  1  2  3 |
---------------+----------+-----
Spellcasting   | 5 |  5.7
Armour         | 1 |  1.0
Fighting       | 1 |  1.0
Conjurations   | 2 |  2.2
Dodging        | |  2.9
Stealth        | |  2.8
Summonings     | |  1.1
Translocations | |  1.1

Action                     |  1- 3 |  4- 6 || total
---------------------------+-------+-------++-------
  Melee: Dagger            |    10 |     6 ||    16
   Cast: Magic Dart        |   117 |    21 ||   138
         Mephitic Cloud    |       |     3 ||     3
    Use: Potion            |       |     2 ||     2
 Armour: Robe              |     9 |     6 ||    15
  Dodge: Dodged            |    10 |     1 ||    11
  Block: Other             |     2 |       ||     2

Table legend: (Time is in decaauts)
 A = Elapsed time spent in this place.
 B = Non-inter-level travel time spent in this place.
 C = Inter-level travel time spent in this place.
 D = Time resting spent in this place.
 E = Time spent auto-exploring this place.
 F = Levels seen in this place.
 G = Mean time per level.
                   A        B        C        D        E       F      G
               +--------+--------+--------+--------+--------+-----+--------+
         Total |   3154 |   3076 |     78 |     73 |   2652 |   4 |  788.5 |
       Dungeon |   3154 |   3076 |     78 |     73 |   2652 |   4 |  788.5 |
               +--------+--------+--------+--------+--------+-----+--------+

Top non-repeatable levels by time:
     D:1: 1289 daAuts
     D:2: 1007 daAuts
     D:3: 832 daAuts
     D:4: 25 daAuts
